 Dungeon Crawl Stone Soup version 0.29.1-12-g30fa7ad0bf (webtiles) character file.

Game seed: 4864719942987535613

6920 hawla the Thaumaturge (level 11, -4/85 HPs)
             Began as a Meteoran Fire Elementalist on Dec 30, 2022.
             Was a Follower of Vehumet.
             Killed from afar by a gargoyle (13 damage)
             ... with a stone arrow
             ... on level 12 of the Dungeon.
             The game lasted 00:15:43 (3436 turns).

hawla the Thaumaturge (Meteoran Fire Elementalist)  Turns: 3436, Time: 00:15:43

Health: -4/85      AC:  7    Str: 11    XL:     11   Next: 52%
Magic:  22/27      EV: 15    Int: 20    God:    Vehumet [*.....]
Gold:   366        SH:  5    Dex: 15    Spells: 25/32 levels left

rFire   . . .      SeeInvis .   g - +1 morningstar (venom)
rCold   . . .      Faith    .   (no shield)
rNeg    . . .      Spirit   .   a - +0 robe
rPois   .          Reflect  +   h - +0 helmet
rElec   .          Harm     .   (no cloak)
rCorr   .          Rampage  .   (no gloves)
Will    +....                   (no boots)
Stlth   +.........              u - amulet of reflection
HPRegen 0.24/turn               o - +4 ring of protection
MPRegen 0.20/turn               (no ring)

@: glowing
A: sense surroundings 2, otherworldly, glowing, explore regen
a: Renounce Religion


You were on level 12 of the Dungeon.
You worshipped Vehumet.
Vehumet was aware of your devotion.
You visited 2 branches of the dungeon, and saw 10 of its levels.

You collected 366 gold pieces.

Inventory:

Hand Weapons
 g - a +1 morningstar of venom (weapon)
Armour
 a - a +0 robe (worn)
 h - a +0 helmet (worn)
Magical Staves
 i - a staff of fire
Jewellery
 o - a +4 ring of protection (left hand)
 u - an amulet of reflection (around neck)
Wands
 q - a wand of polymorph (6)
 r - a wand of light (4) (quivered)
 s - a wand of flame (8)
Potions
 b - a potion of cancellation
 f - a potion of mutation
 j - 2 potions of brilliance
 l - a potion of flight


   Skills:
 + Level 4.4 Fighting
 + Level 6.6 Maces & Flails
 + Level 6.9 Dodging
 - Level 1.4 Stealth
 + Level 11.2 Spellcasting
 + Level 7.5 Conjurations
 + Level 11.0 Fire Magic
 + Level 2.1 Evocations


You had 25 spell levels left.
You knew the following spells:

 Your Spells              Type           Power      Damage    Failure   Level
a - Foxfire               Conj/Fire      100%       2x1d9     1%          1
b - Scorch                Fire           100%       2d10      1%          2
c - Flame Wave            Conj/Fire      48%        2d12      1%          4

Your spell library contained the following spells:

 Spells                   Type           Power      Damage    Failure   Level
 Magic Dart               Conj           100%       1d8       1%          1
 Conjure Flame            Conj/Fire      48%        6-21      1%          3
 Inner Flame              Hex/Fire       33%        N/A       1%          3
 Stone Arrow              Conj/Erth      52%        3d10      4%          3
 Animate Armour           Summ/Erth      22%        N/A       52%         4
 Lehudib's Crystal Spear  Conj/Erth      13%        10d4      100%        8


Dungeon Overview and Level Annotations

Branches:
Dungeon (10/15) Zot: 2157  Temple (1/1) D:6 Zot: 400
   Lair: D:8-11         Orc: D:9-12

Altars:
Ashenzari
Dithmenos
Elyvilon
Fedhas
Gozag
Hepliaklqana
Kikubaaqudgha
Makhleb
Nemelex Xobeh
Okawaru
Qazlal
Sif Muna
Trog
Uskayaw
Vehumet
Wu Jian
Xom
Yredelemnul
Zin
The Shining One

Shops:
D:4 =


Innate Abilities, Weirdness & Mutations

You passively map the area around you.
You are easily found by Zot.
You glow in the dark.
You regain HP and MP as you explore.


Message History

Okay, then.
You feel yourself speed up. The gargoyle closely misses you.
The gargoyle hurls a stone arrow at you.
The stone arrow misses you.
Okay, then.
As you read the scroll of teleportation, it crumbles to dust.
You feel strangely unstable.
It was a potion of flight.
You feel very buoyant.
You fly up into the air.
It was a potion of curing.
You feel better. You block the gargoyle's attack.
You feel better.
As you read the scroll labelled POTIBANITS, it crumbles to dust.
The creatures around you are filled with an inner flame!
It was a scroll of immolation.
The gargoyle hits you with a +0 flail.
* * * LOW HITPOINT WARNING * * *
Your surroundings suddenly seem different.
You are starting to lose your buoyancy.
You float gracefully downwards.
There is an open door here.
There is an open door here.
You see here an ugly thing skeleton.
Your extra speed is starting to run out.
You feel yourself slow down.
There is an open door here.
There is an open door here.
There is an open door here.
A gargoyle is nearby!
A gargoyle is nearby!
You aren't carrying any scrolls.
Unknown command.
Really walk into that teleport trap?
You enter a teleport trap!
The teleport trap disappears.
Your surroundings seem slightly different.
The gargoyle hurls a stone arrow at you.
The stone arrow hits you!!
* * * LOW HITPOINT WARNING * * *
The gargoyle hurls a stone arrow at you.
The stone arrow hits you!
You die...

....#..##...##.#.########
,, <.......+....#.#.# ,
##...#.##....#'#.# , ,
#.#.#.....#.....###### *
#.#.#..........9.....#
#.#.#.#...#..........# ,
,, #.#.#.#####..........#
, #.#.#.. .............#
,,, ##.#.###
####...@.....# * ...#.#
####...ยง###'## ####.#
#.........#.###
#.#####........##...#
#...............#...#
#.......###'#'###...#
#.......# #.#.......#
#.....>.# #.#####...#
#.......# #.# #...#


You could see a gargoyle.

Vanquished Creatures
  A hydra (D:12)
  A deep elf pyromancer (D:12)
  A cyclops (D:12)
  2 ugly things (D:12)
  An unseen horror (D:12)
  The ghost of wormed the Conjurer, an amateur DrCj (D:3)
  6 slime creatures (D:12)
  A vampire (D:12)
  A wyvern (D:9)
  Eustachio (D:4)
  A steam dragon (D:9)
  4 yaks (D:9)
  Menkaure (D:4)
  A water moccasin (D:6)
  A sky beast (D:6)
  An orc warrior (D:6)
  5 ogres
  A centaur (D:6)
  Blork the orc (D:5)
  A kobold brigand (D:10)
  2 scorpions
  4 wights (D:9)
  3 killer bees (D:9)
  A crimson imp (D:9)
  2 hounds
  3 jellies
  2 orc priests
  2 iguanas (D:6)
  7 adders
  3 shadow imps
  2 white imps
  13 orcs
  A ball python (D:3)
  An endoplasm (D:4)
  A hobgoblin (D:4)
  A frilled lizard (D:3)
  2 goblins
  6 kobolds
89 creatures vanquished.

Vanquished Creatures (collateral kills)
  5 crimson imps (D:9)
5 creatures vanquished.

Vanquished Creatures (others)
  69 foxfires
69 creatures vanquished.

Grand Total: 163 creatures vanquished

Notes
Turn   | Place    | Note
-------+----------+-------------------------------------------
     0 | D:1      | hawla the Meteoran Fire Elementalist began the quest for
                  | the Orb.
     0 | D:1      | Reached XP level 1. HP: 14/14 MP: 5/5
    13 | D:2      | Reached XP level 2. HP: 20/20 MP: 2/6
    39 | D:3      | Reached XP level 3. HP: 22/26 MP: 3/8
    42 | D:3      | Learned a level 2 spell: Scorch
    80 | D:3      | Found a runed translucent gate.
    80 | D:3      | Found a runed translucent gate.
    83 | D:3      | Found a runed translucent gate.
    84 | D:3      | Noticed wormed's ghost (amateur DrCj)
   112 | D:3      | Killed wormed's ghost
   113 | D:3      | Reached XP level 4. HP: 13/33 MP: 2/11
   113 | D:3      | Reached XP level 5. HP: 15/38 MP: 2/12
   113 | D:3      | Reached XP level 6. HP: 17/45 MP: 2/13
   118 | D:3      | Learned a level 4 spell: Flame Wave
   206 | D:4      | Found Tounefao's Jewellery Boutique.
   345 | D:4      | Noticed an ogre
   350 | D:4      | Killed an ogre
   351 | D:4      | Reached XP level 7. HP: 50/50 MP: 4/14
   518 | D:4      | Reached skill level 1 in Maces & Flails
   621 | D:4      | Noticed Menkaure
   623 | D:4      | Killed Menkaure
   624 | D:4      | Reached skill level 5 in Conjurations
   642 | D:4      | Noticed Eustachio
   667 | D:4      | Killed Eustachio
   668 | D:4      | Reached XP level 8. HP: 26/62 MP: 1/15
   823 | D:5      | Entered Level 5 of the Dungeon
  1071 | D:5      | Reached skill level 5 in Spellcasting
  1073 | D:5      | Noticed Blork the orc
  1077 | D:5      | Killed Blork the orc
  1425 | D:6      | Gained mutation: You passively map the area around you.
                  | [Meteoran growth]
  1425 | D:6      | Reached XP level 9. HP: 62/69 MP: 1/19
  1523 | D:6      | Identified the +3 chain mail "Turchot" {Slay+5}
  1525 | D:6      | Found a staircase to the Ecumenical Temple.
  1564 | Temple   | Entered the Ecumenical Temple
  1740 | Temple   | Became a worshipper of Vehumet
  1965 | D:6      | You fall into a shaft and drop 3 floors!
  2108 | D:9      | Reached XP level 10. HP: 39/77 MP: 11/23
  2109 | D:9      | Reached skill level 5 in Maces & Flails
  2109 | D:9      | Reached skill level 5 in Dodging
  2397 | D:9      | Reached * piety under Vehumet
  2397 | D:9      | Offered knowledge of Magic Dart by Vehumet.
  2497 | D:10     | Entered Level 10 of the Dungeon
  2547 | D:10     | Noticed an orc knight
  2547 | D:10     | Noticed a seven-headed hydra
  2548 | D:10     | Noticed a rime drake
  2548 | D:10     | a raiju changed into a rime drake
  2549 | D:10     | Noticed a harpy
  2549 | D:10     | a rime drake changed into a harpy
  2550 | D:10     | Noticed a wizard
  2550 | D:10     | Noticed a centaur warrior
  2551 | D:10     | Noticed a cyclops
  2554 | D:10     | Noticed a cyclops
  2702 | D:10     | You fall into a shaft and drop 2 floors!
  2799 | D:12     | Noticed a seven-headed hydra
  2805 | D:12     | Killed a seven-headed hydra
  2867 | D:12     | Noticed a white ugly thing
  2877 | D:12     | Killed a white ugly thing
  2878 | D:12     | Reached XP level 11. HP: 36/84 MP: 5/25
  2879 | D:12     | Reached skill level 10 in Spellcasting
  2879 | D:12     | Reached skill level 10 in Fire Magic
  2980 | D:12     | Noticed a deep elf pyromancer
  2988 | D:12     | Killed a deep elf pyromancer
  3029 | D:12     | Noticed a red ugly thing
  3037 | D:12     | Killed a red ugly thing
  3081 | D:12     | Noticed a cyclops
  3087 | D:12     | Killed a cyclops
  3363 | D:12     | HP: 4/85 [gargoyle/stone arrow (28)]
  3436 | D:12     | Killed from afar by a gargoyle

Illustrated notes

Levels and vault maps discovered:
D:1:      dpeg_arrival_tiny_a, layout_basic,
          nicolae_concentric_dashed_squares_mild, st_stairs_13,
          minmay_pentomino_z2
D:2:      layout_loops_ring, dreamdust_ecumenical_altar_hidden_monk_grotto,
          uniq_sigmund
D:3:      layout_rooms, ebering_ghost_rock_garden, uniq_ijyb
D:4:      layout_loops_ring, serial_shops, shop, uniq_eustachio, uniq_menkaure
D:5:      layout_loops_cross, uniq_blork_the_orc
D:6:      layout_rooms, jmf_multi_god_temple, minmay_temple_entry_hall,
          minivault_26, minmay_circle_x
D:9:      layout_basic, minmay_nine_imps
D:10:     minmay_cut_squares, layout_stronghold
D:12:     layout_basic
Temple:   nicolae_temple_bog_church

Skill      XL: |  1  2  3  4  5  6  7  8  9 10 11 |
---------------+----------------------------------+-----
Fire Magic     | 4 6 8 9 11 | 11.0
Spellcasting   | 3 4 6 8 9 11 | 11.2
Dodging        | 3 4 6 |  6.9
Conjurations   | 3 6 7 |  7.5
Maces & Flails | 1 2 4 6 |  6.6
Fighting       | 2 3 4 |  4.4
Evocations     | 2 |  2.1
Stealth        | |  1.4

Action                   |  1- 3 |  4- 6 |  7- 9 | 10-12 || total
-------------------------+-------+-------+-------+-------++-------
Melee: Unarmed           |     1 |       |       |       ||     1
       Morningstar       |       |       |    47 |    15 ||    62
       Punch             |       |       |     1 |       ||     1
       Staff             |       |       |     5 |       ||     5
 Cast: Foxfire           |    11 |     1 |    15 |    13 ||    40
       Scorch            |     6 |     7 |    29 |    38 ||    80
       Flame Wave        |       |       |    12 |    12 ||    24
Evoke: Wand              |       |       |       |     1 ||     1
  Use: Potion            |     1 |       |       |     6 ||     7
       Scroll            |       |     1 |       |    11 ||    12
Armor: Robe              |     2 |       |    28 |    30 ||    60
Dodge: Dodged            |     3 |     1 |    61 |    43 ||   108
Block: Other             |       |       |       |     9 ||     9
